 Dungeon Crawl Stone Soup version 0.26-a0-455-g0958c023ba (webtiles) character file.

Game seed: 598108642947345301

163 Goblin1989 the Twirler (level 5, 0/32 HPs)
             Began as a Kobold Gladiator on July 29, 2020.
             Slain by a lemure (4 damage)
             ... led by Pikel
             ... on level 3 of the Dungeon.
             The game lasted 00:04:55 (2650 turns).

Goblin1989 the Twirler (Kobold Gladiator)           Turns: 2650, Time: 00:04:56

Health: 0/32       AC:  7    Str: 13    XL:     5   Next: 73%
Magic:  5/5        EV: 15    Int:  9    God:
Gold:   127        SH:  0    Dex: 16    Spells: 4/4 levels left

rFire    . . .     SeeInvis .   a - +0 quarterstaff
rCold    . . .     Faith    .   (shield currently unavailable)
rNeg     . . .     Spirit   .   P - +0 ring mail
rPois    .         Reflect  .   c - +0 helmet
rElec    .         Harm     .   (no cloak)
rCorr    .                      R - +0 pair of gloves
MR       .....                  (no boots)
Stlth    ++........             (no amulet)
HPRegen  0.10/turn              (no ring)
MPRegen  0.09/turn              (no ring)

@: no status effects
A: small, nightstalker 3
a: no special abilities


You were on level 3 of the Dungeon.
You visited 1 branch of the dungeon, and saw 4 of its levels.

You collected 127 gold pieces.

Inventory:

Hand Weapons
 a - a +0 quarterstaff (weapon)
Missiles
 Z - 3 throwing nets (quivered) {!d , @Q1}
Armour
 c - a +0 helmet (worn)
 J - a +0 chain mail
 P - a +0 ring mail (worn)
 R - a +0 pair of gloves (worn)
Jewellery
 M - an uncursed amulet of regeneration {unknown}
Scrolls
 K - a scroll of teleportation {unknown}
 N - 2 scrolls of enchant armour {unknown}
 O - 2 scrolls of magic mapping {unknown}
 Q - a scroll of remove curse {unknown}
 S - 5 scrolls of identify {unknown}
 V - a scroll of immolation {unknown}
Potions
 H - a potion of might {unknown}
 I - 2 potions of haste {unknown}
 L - a potion of cancellation {unknown}
 T - a potion of flight {unknown}
 U - a potion of ambrosia {unknown}
 W - a potion of magic {unknown}
 X - 2 potions of lignification {unknown}
 Y - 2 potions of heal wounds {unknown}


   Skills:
 + Level 2.8 Fighting
 + Level 4.8 Staves
 - Level 2.1 Throwing
 + Level 0.5 Armour
 + Level 4.1 Dodging


You had 4 spell levels left.
You didn't know any spells.
Your spell library was empty.

Dungeon Overview and Level Annotations

Branches:
Dungeon (4/15)
 Temple: D:4-7

Altars:
Vehumet
Xom

Annotations:
D:3 3 runed translucent doors
D:4 Pikel


Innate Abilities, Weirdness & Mutations

You are small and have problems with some larger weapons.
You are completely attuned to the shadows.


Message History

You take 1 damage, and have 29/32 hp.
You hit the lemure.
The lemure is moderately wounded.
The lemure closely misses you.
You sock the lemure!
The lemure is heavily wounded.
The lemure hits you.
You take 2 damage, and have 27/32 hp.
You hit the lemure.
The lemure is severely wounded.
The lemure misses you.
You hit the lemure.
The lemure is almost dead.
The lemure barely misses you.
You barely miss the lemure.
The lemure is almost dead.
The lemure hits you.
You take 1 damage, and have 26/32 hp.
You barely miss the lemure.
The lemure is almost dead.
The lemure barely misses you.
You hit the lemure but do no damage.
The lemure is almost dead.
The lemure hits you! The lemure closely misses you.
You take 8 damage, and have 19/32 hp.
MASSIVE DAMAGE!!
You hit the lemure but do no damage.
The lemure is almost dead.
The lemure misses you.
You hit the lemure.
The lemure is almost dead.
The lemure barely misses you.
You hit the lemure.
You kill the lemure!
That felt strangely unrewarding.
You hit the lemure.
The lemure is lightly wounded.
The lemure misses you. The lemure hits you but does no damage.
There is a stone staircase leading up here.
You sock the lemure!
The lemure is moderately wounded.
The lemure hits you.
You take 5 damage, and have 15/32 hp.
You hit the lemure.
The lemure is heavily wounded.
The lemure misses you.
You barely miss the lemure.
The lemure is heavily wounded.
The lemure hits you but does no damage.
You hit the lemure.
The lemure is heavily wounded.
The lemure misses you.
You hit the lemure.
The lemure is heavily wounded.
The lemure hits you but does no damage.
You hit the lemure.
The lemure is severely wounded.
The lemure completely misses you.
You hit the lemure but do no damage.
The lemure is severely wounded.
The lemure misses you. The lemure barely misses you.
You barely miss the lemure.
The lemure is severely wounded.
The lemure hits you but does no damage.
You hit the lemure but do no damage.
The lemure is severely wounded.
The lemure barely misses you.
You closely miss the lemure.
The lemure is severely wounded.
The lemure misses you.
You closely miss the lemure.
The lemure is severely wounded.
The lemure barely misses you.
You closely miss the lemure.
The lemure is severely wounded.
The lemure closely misses you.
You hit the lemure but do no damage.
The lemure is severely wounded.
The lemure hits you.
* * * LOW HITPOINT WARNING * * *
You take 6 damage, and have 10/32 hp.
The lemure closely misses you.
You climb upwards.
Level annotation: 3 runed translucent doors
There is a stone staircase leading down here.
You closely miss the lemure.
The lemure is severely wounded.
The lemure completely misses you.
You hit the lemure.
The lemure is almost dead.
The lemure hits you but does no damage.
You barely miss the lemure.
The lemure is almost dead.
The lemure hits you!
* * * LOW HITPOINT WARNING * * *
You take 7 damage, and have 4/32 hp.
MASSIVE DAMAGE!!
You hit the lemure but do no damage.
The lemure is almost dead.
The lemure hits you.
You die...

█.......██████.█.█......
██.████.█ █.....███.█
█.█ █.█ ███.█.....█
████████.█
█.████████(█.███.█
█........█
█.................
█.████████
███████.████.███.█ █.█
█.█ ██.███.█ █.█
██████████.███.█.██.█
█.█
█...@5....█...███....
█.█ ███
█.████████.███.█.██.█
█.███.██ █.█
█.████...█.█
█.██.█.███.███
█.██........
█.█.███.██...█
█.██)███████
█.....██.███.█ █.██.█ █
███.█.█.██ █.█ █.██.█ █
██...██ █.█ █.)..█ █
██.██ █.█ ████.█ █


You could see a lemure.

Vanquished Creatures
  A lemure (D:4)
  An orc wizard (D:4)
  A jelly (D:2)
  A hound skeleton (D:3)
  2 adders (D:3)
  A worm (D:3)
  5 dart slugs
  3 leopard geckos
  3 orcs (D:4)
  6 giant cockroaches
  3 goblins
  5 hobgoblins
  3 jackals (D:2)
  A quokka (D:3)
  A ball python (D:1)
  8 bats
  2 frilled lizards
  5 kobolds
  7 rats
59 creatures vanquished.

Notes
Turn   | Place    | Note
-------+----------+-------------------------------------------
     0 | D:1      | Goblin1989 the Kobold Gladiator began the quest for the
                  | Orb.
     0 | D:1      | Reached XP level 1. HP: 12/12 MP: 1/1
    55 | D:1      | Reached XP level 2. HP: 7/17 MP: 2/2
   293 | D:1      | DEFE: str 11
   293 | D:1      | Goblin1989: djn e rjuj vfkj [g
   293 | D:1      | Goblin1989: лол
   293 | D:1      | Goblin1989: вот у кого мало хп
   293 | D:1      | DEFE: бери шорты
   297 | D:1      | DEFE: лол
   468 | D:1      | Goblin1989: это моя старая мечта
   468 | D:1      | DEFE: пройти с палкой?
   468 | D:1      | Goblin1989: кобольд с палкой
   468 | D:1      | Goblin1989: ага
   486 | D:1      | Reached XP level 3. HP: 18/21 MP: 3/3
   706 | D:1      | DEFE: палку потом сменить можно
   760 | D:1      | DEFE: так-то
   760 | D:1      | Goblin1989: ну да
   760 | D:1      | Goblin1989: на ладж
   822 | D:2      | DEFE: не топор
   829 | D:2      | DEFE: на*
   829 | D:2      | Goblin1989: не
   829 | D:2      | Goblin1989: я хочу с ладжем
  1106 | D:2      | Reached XP level 4. HP: 19/26 MP: 4/4
  1404 | D:2      | Found a radiant altar of Vehumet.
  1651 | D:3      | Found a runed translucent gate.
  1653 | D:3      | Found a runed translucent gate.
  1653 | D:3      | Found a runed translucent gate.
  1665 | D:3      | Found a shimmering altar of Xom.
  1855 | D:3      | Reached XP level 5. HP: 30/31 MP: 5/5
  2585 | D:4      | Noticed a lemure
  2586 | D:4      | Noticed a lemure
  2586 | D:4      | Noticed a lemure
  2587 | D:4      | Noticed a lemure
  2587 | D:4      | Noticed Pikel
  2621 | D:4      | Killed a lemure
  2650 | D:3      | Slain by a lemure

Illustrated notes

Levels and vault maps discovered:
D:1:      dpeg_arrival_tiny_k, layout_rooms, minmay_misc_feat_enclosed
D:2:      layout_basic, nicolae_overflow_hidden_temple
D:3:      layout_loops_ring, nicolae_overflow_crystal_walls,
          ebering_ghost_rock_garden
D:4:      layout_loops_ring, minmay_temple_entry_glassed_door, uniq_pikel

Skill      XL: |  1  2  3  4  5 |
---------------+----------------+-----
Staves         | 3 4 |  4.8
Dodging        | 4 |  4.1
Fighting       | |  2.8
Throwing       | |  2.1
Armour         | |  0.5

Action                   |  1- 3 |  4- 6 || total
-------------------------+-------+-------++-------
Melee: Quarterstaff      |    74 |   117 ||   191
 Stab: Sleeping          |     7 |     5 ||    12
       Distracted        |       |     1 ||     1
Armor: Leather armour    |    20 |     4 ||    24
       Ring mail         |       |    30 ||    30
Dodge: Dodged            |    72 |    73 ||   145

Table legend: (Time is in decaauts)
 A = Elapsed time spent in this place.
 B = Non-inter-level travel time spent in this place.
 C = Inter-level travel time spent in this place.
 D = Time resting spent in this place.
 E = Time spent auto-exploring this place.
 F = Levels seen in this place.
 G = Mean time per level.
                   A        B        C        D        E       F      G
               +--------+--------+--------+--------+--------+-----+--------+
         Total |   2665 |   2559 |    106 |    199 |   1940 |   4 |  666.2 |
       Dungeon |   2665 |   2559 |    106 |    199 |   1940 |   4 |  666.2 |
               +--------+--------+--------+--------+--------+-----+--------+

Top non-repeatable levels by time:
     D:3: 930 daAuts
     D:1: 793 daAuts
     D:2: 780 daAuts
     D:4: 161 daAuts
